 Dungeon Crawl Stone Soup version 0.31-a0-876-gfe8ebadbca (webtiles) character file.

Game seed: 7320009397870581025

2856 LeprechaunX the Mimic (level 9, -1/61 HPs)
             Began as an Octopode Shapeshifter on Oct 13, 2023.
             Was an Initiate of Ru.
             Slain by a vampire
             ... wielding a +0 falchion
              (14 damage)
             ... on level 7 of the Dungeon.
             The game lasted 00:06:54 (4964 turns).

LeprechaunX the Mimic (Octopode Shapeshifter)       Turns: 4964, Time: 00:06:55

Health: -1/61      AC:  1    Str: 24    XL:     9   Next: 75%
Magic:  9/9        EV: 15    Int: 12    God:    Ru [......]
Gold:   491        SH:  4    Dex: 17    Spells: 8/8 levels left

rFire   . .          .
                       - Unarmed
rCold   . . .        F - +0 buckler
rNeg    . . .        (helmet currently unavailable)
rPois   .            r - amulet of the acrobat
rElec   .            m - +6 ring of strength
rCorr   +            g - +6 ring of dexterity
SInv    .            v - ring of resist corrosion
Will    .....        (no ring)
Stlth   +++          (no ring)
HPRegen 0.30/turn    (no ring)
MPRegen 0.11/turn    (no ring)
                     (no ring)

%: acrobat
@: beast-form
A: beast (slay +4), almost no armour, amphibious, 8 rings, camouflage 1,
gelatinous body 1, (nimble swimmer 1), tentacles
a: Begin Untransformation, Renounce Religion, Sacrifice Words, Sacrifice
Stealth, Sacrifice Forms, Reject Sacrifices


You were on level 7 of the Dungeon.
You worshipped Ru.
Ru was noncommittal.
You were a hulking beast.
You visited 2 branches of the dungeon, and saw 8 of its levels.
You also visited: Ossuary.

You collected 491 gold pieces.

Inventory:

Hand Weapons
 a - a +0 sling
Missiles
 o - 2 boomerangs
 E - 2 throwing nets
Armour
 F - a +0 buckler (worn)
Jewellery
 g - a +6 ring of dexterity (right tentacle)
 m - a +6 ring of strength (left tentacle)
 r - an amulet of the acrobat (around mantle)
 v - a ring of resist corrosion (on tentacle)
Talismans
 b - a beast talisman (active)
 c - a flux talisman
Wands
 p - a wand of polymorph (11)
Scrolls
 d - 2 scrolls of fear {unknown}
 f - 4 scrolls of identify {unknown}
 h - 4 scrolls of immolation {unknown}
 j - 2 scrolls of fog {unknown}
 s - 3 scrolls of blinking {unknown}
 t - 2 scrolls of noise {unknown}
 w - a scroll of revelation {unknown}
 y - a scroll of vulnerability {unknown}
 B - 2 scrolls of teleportation {unknown}
 C - 2 scrolls of amnesia {unknown}
Potions
 e - a potion of cancellation {unknown}
 i - 5 potions of enlightenment {unknown}
 k - 3 potions of berserk rage {unknown}
 l - 4 potions of curing {unknown}
 n - a potion of haste {unknown}
 q - a potion of ambrosia {unknown}
 u - 3 potions of degeneration {unknown}
 x - a potion of might {unknown}
 z - 2 potions of mutation {unknown}
 A - 3 potions of heal wounds {unknown}
 D - a potion of brilliance {unknown}


   Skills:
 + Level 5.6 Fighting
 - Level 5.0 Dodging
 - Level 6.0 Unarmed Combat
 - Level 5.0 Evocations
 * Level 8.2 Shapeshifting


You had 8 spell levels left.
You didn't know any spells.
Your spell library contained the following spells:

 Spells                   Type           Power      Damage    Failure   Level
 Apportation              Tloc           0%         N/A       38%         1
 Summon Small Mammal      Summ           0%         N/A       38%         1
 Jinxbite                 Hex            0%         N/A       52%         2
 Scorch                   Fire           0%         2d5       52%         2
 Call Canine Familiar     Summ           0%         N/A       77%         3
 Summon Guardian Golem    Hex/Summ       0%         N/A       77%         3
 Flame Wave               Conj/Fire      0%         2d4       99%         4
 Alistair's Intoxication  Tmut/Pois      0%         N/A       100%        5
 Summon Cactus Giant      Summ           0%         N/A       100%        6


Dungeon Overview and Level Annotations

Branches:
Dungeon (7/15)             Temple (1/1) D:5         Ossuary (visited)

Altars:
Ashenzari
Cheibriados
Dithmenos
Elyvilon
Fedhas
Gozag
Kikubaaqudgha
Makhleb
Nemelex Xobeh
Okawaru
Qazlal
Ru
Sif Muna
Trog
Uskayaw
Wu Jian
Yredelemnul
Zin
The Shining One

Annotations:
Temple 2 transporters


Innate Abilities, Weirdness & Mutations

You are a hulking beast.
Your limbs bulge with bestial killing power. (Slay +4)
You cannot wear most types of armour.
You are amphibious.
You can wear up to eight rings at the same time.
Your skin changes colour to match your surroundings (Stealth+).
Your rubbery body absorbs attacks. (AC +1, EV +1)
((You are camouflaged when in or above water. (Stealth+)))
You have tentacles for arms and can constrict up to eight enemies at once.


Message History

The ogre is heavily wounded.
The ogre closely misses you.
You tentacle-slap the ogre.
The ogre is heavily wounded.
You bludgeon the ogre!
The ogre is almost dead.
The ogre barely misses you.
You tentacle-slap the ogre.
You kill the ogre!
Things that are here:
a +0 giant club; an ogre corpse An orc priest comes into view.
It is wielding a +0 club and wearing a +2 leather armour of cold resistance.
A vampire comes into view. It is wielding a +0 falchion.
Found a stone staircase leading down.
An orc comes into view. It is wielding a +0 club.
An orc priest comes into view. It is wielding a +0 mace.
The vampire casts a spell at you. You resist with some effort.
The vampire completely misses you. x2
You barely miss the vampire. You grab the vampire. You squeeze the vampire!
The vampire is heavily damaged.
You constrict the vampire, but do no damage.
The vampire hits you with a +0 falchion!
The vampire bites you!
The vampire draws strength from your injuries!
You tentacle-slap the vampire.
The vampire is moderately damaged.
You constrict the vampire.
The vampire hits you with a +0 falchion.
The vampire bites you!
* * * LOW HITPOINT WARNING * * *
The vampire draws strength from your injuries!
You tentacle-slap the vampire but do no damage.
The vampire is moderately damaged.
You constrict the vampire.
The vampire casts a spell.
The vampire flickers and vanishes!
Deactivating autopickup; reactivate with Ctrl-A.
You bludgeon something! You constrict something. Something hits you!
You die...

#####..........###
#........)........
#.####.##..$...###
#.# #.##.#....... #.#
#.##.#.###... #.#
#.##.#....... #.#
#.##.#####..# #.#
#.##.. ...... #h#
#.########### #{#
#......)..).. #o#
#..###)###### #.#
.g.. . #.# .....#. #.
...........#....#.#.#
#.
...........#......# #
# ...........#....#.#
............... ..#


You could see an orc.

Vanquished Creatures
  Pikel (D:6)
  A cyclops (D:6)
  A slime creature (D:6)
  Sigmund (D:3)
  Edmund (D:4)
  2 water moccasins (D:6)
  2 ogres
  4 phantoms (D:5)
  3 lemures (D:6)
  A bullfrog (D:6)
  A gnoll sergeant (D:7)
  2 gnoll boudas (D:5)
  4 hounds
  2 orc priests (D:7)
  A sleepcap (D:6)
  5 iguanas
  8 mummies (Ossuary)
  14 gnolls
  4 adders
  2 white imps
  An ufetubus (D:6)
  3 worms
  2 dart slugs (D:3)
  14 orcs
  3 bats
  3 endoplasms
  3 giant cockroaches
  4 gnoll zombies (Ossuary)
  7 goblins
  7 hobgoblins
  4 jackals (D:2)
  4 quokkas
  5 ball pythons
  3 frilled lizards
  2 hobgoblin zombies (Ossuary)
  6 kobolds
  2 kobold zombies (Ossuary)
  4 rats
137 creatures vanquished.

Notes
Turn   | Place    | Note
-------+----------+-------------------------------------------
     0 | D:1      | LeprechaunX the Octopode Shapeshifter began the quest for
                  | the Orb.
     0 | D:1      | Reached XP level 1. HP: 13/13 MP: 1/1
   209 | D:1      | Reached XP level 2. HP: 18/18 MP: 2/2
   684 | D:2      | Reached XP level 3. HP: 14/23 MP: 3/3
  1305 | D:3      | Reached XP level 4. HP: 25/29 MP: 4/4
  1530 | D:3      | Identified the +3 short sword of Buenak {heavy, rPois
                  | Int+2}
  1580 | D:3      | Noticed Sigmund
  1599 | D:3      | Killed Sigmund
  1600 | D:3      | Reached skill level 1 in Evocations
  1600 | D:3      | Reached skill level 4 in Shapeshifting
  1600 | D:3      | Reached XP level 5. HP: 21/35 MP: 5/5
  1600 | D:3      | Reached XP level 6. HP: 24/41 MP: 6/6
  2360 | D:4      | Noticed Edmund
  2370 | D:4      | Killed Edmund
  2371 | D:4      | Reached XP level 7. HP: 28/46 MP: 7/7
  2438 | D:4      | Reached skill level 5 in Shapeshifting
  2513 | D:4      | You fall into a shaft and drop 1 floor!
  2513 | D:5      | Entered Level 5 of the Dungeon
  2573 | D:5      | Found a staircase to the Ecumenical Temple.
  2581 | Temple   | Found a transporter.
  2581 | Temple   | Found a transporter.
  2581 | Temple   | Found a transporter.
  2581 | Temple   | Found a transporter.
  2581 | Temple   | Entered the Ecumenical Temple
  2595 | Temple   | Became a worshipper of Ru the Awakened
  3007 | D:5      | Reached XP level 8. HP: 52/52 MP: 8/8
  3673 | D:6      | Reached skill level 6 in Shapeshifting
  3785 | D:6      | Reached skill level 5 in Unarmed Combat
  3826 | D:6      | Noticed Pikel
  3835 | D:6      | Killed Pikel
  3836 | D:6      | Reached skill level 5 in Dodging
  3836 | D:6      | Reached XP level 9. HP: 25/59 MP: 9/9
  3837 | D:6      | Reached skill level 7 in Shapeshifting
  3889 | D:6      | Found a sand-covered staircase.
  3924 | Ossuary  | Entered an ossuary
  4300 | D:6      | Reached skill level 5 in Fighting
  4511 | D:6      | Noticed a cyclops
  4519 | D:6      | Killed a cyclops
  4520 | D:6      | Reached skill level 5 in Evocations
  4837 | D:7      | Reached skill level 8 in Shapeshifting
  4964 | D:7      | Slain by a vampire

Illustrated notes

Levels and vault maps discovered:
D:1:      dpeg_arrival_water_temple_mockup, layout_rooms
D:2:      layout_basic
D:3:      layout_basic, minmay_between, uniq_sigmund
D:4:      layout_basic, uniq_edmund, uniq_natasha
D:5:      layout_cave_pods, minmay_temple_entry_purple_smoke, kennysheep_doodads
D:6:      layout_cave_pools, enter_ossuary_5, minmay_three_doors, uniq_pikel
D:7:      mumra_celtic_spiral_tile, layout_basic, serial_shops, shop,
          enter_bailey_6
Temple:   hellmonk_temple_divided_pantheon

Skill      XL: |  1  2  3  4  5  6  7  8  9 |
---------------+----------------------------+-----
Fighting       | 2 3 4 5 |  5.6
Dodging        | 3 4 5 |  5.0
Evocations     | 1 2 3 4 5 |  5.0
Shapeshifting  | 4 5 6 8 |  8.2
Unarmed Combat | 4 5 6 |  6.0

Action                     |  1- 3 |  4- 6 |  7- 9 || total
---------------------------+-------+-------+-------++-------
  Melee: Unarmed           |    74 |    61 |   175 ||   310
         Constrict         |    16 |    19 |    48 ||    83
         Tentacles         |     7 |    15 |    53 ||    75
         Punch             |     1 |     1 |     7 ||     9
    Use: Potion            |       |     1 |       ||     1
   Stab: Sleeping          |     7 |     3 |     6 ||    16
         Distracted        |     1 |       |       ||     1
 Armour: Skin              |    29 |    23 |    70 ||   122
  Dodge: Dodged            |    37 |    34 |   107 ||   178

Table legend: (Time is in decaauts)
 A = Elapsed time spent in this place.
 B = Non-inter-level travel time spent in this place.
 C = Inter-level travel time spent in this place.
 D = Time resting spent in this place.
 E = Time spent auto-exploring this place.
 F = Levels seen in this place.
 G = Mean time per level.
                   A        B        C        D        E       F      G
               +--------+--------+--------+--------+--------+-----+--------+
         Total |   4936 |   4857 |     79 |    538 |   3326 |   9 |  548.4 |
       Dungeon |   4698 |   4619 |     79 |    522 |   3232 |   7 |  671.1 |
        Temple |     28 |     28 |      0 |      0 |      0 |   1 |   28.0 |
       Ossuary |    209 |    209 |      0 |     16 |     94 |   1 |  209.0 |
               +--------+--------+--------+--------+--------+-----+--------+

Top non-repeatable levels by time:
     D:5: 1118 daAuts
     D:6: 929 daAuts
     D:3: 886 daAuts
     D:2: 637 daAuts
     D:4: 510 daAuts
     D:1: 467 daAuts
 Ossuary: 209 daAuts
     D:7: 148 daAuts
  Temple: 28 daAuts
